3L
BUCKHEAD BOWTIES @ NEW ORLEANS VOODOO
10/05/2030
 
TOP OF THE 1ST
Buckhead Bowties batting - Pitching for New Orleans Voodoo : RHP Juan Montoya
Pitching: RHP Juan Montoya
Batting: LHB José Valéncia 0-0: Fly out, F4 (Popup, 4M)
Batting: RHB Derek Bangert 0-0: Called Strike
0-1: Foul Ball, location: 2F
0-2: Ball
1-2: Foul Ball, location: 2F
1-2: Ball
2-2: Ball
3-2: Foul Ball, location: 2F
3-2: Ground out 6-3 (Groundball, 6)
Batting: SHB Seishiro Nishimura 0-0: Ball
1-0: Ball
2-0: SINGLE (Groundball, 56D)
Batting: RHB Raúl Ruíz 0-0: Ball
1-0: Swinging Strike
1-1: Foul Ball, location: 2F
1-2: SINGLE (Groundball, 34S) (infield hit)
Seishiro Nishimura to second
Batting: RHB Todd Sentell 0-0: Foul Ball, location: 2F
0-1: Ball
1-1: Ball
2-1: Fly out, F7 (Flyball, 7S)
Top of the 1st over - 0 runs, 2 hits, 0 errors, 2 left on base; Buckhead 0 - New Orleans 0
BOTTOM OF THE 1ST
New Orleans Voodoo batting - Pitching for Buckhead Bowties : RHP Ron Manning
Pitching: RHP Ron Manning
Batting: RHB Rafael Arredondo 0-0: Foul Ball, location: 2F
0-1: Ball
1-1: Fly out, F7 (Flyball, 78XD)
Batting: LHB William O'Keefe 0-0: SOLO HOME RUN (Flyball, 9LD), Distance : 344 ft
Batting: RHB Griffin Woodfinlevine 0-0: Ball
1-0: Swinging Strike
1-1: Ground out 4-3 (Groundball, 34)
Batting: RHB Mario Álvarez 0-0: Ball
1-0: Called Strike
1-1: SINGLE (Line Drive, 8LS)
Batting: RHB António Pérez 0-0: Ball
1-0: Ball
2-0: SINGLE (Line Drive, 6D)
Mario Álvarez to second
Batting: RHB Claudio Tappen 0-0: SINGLE (Groundball, 6M) (infield hit)
Mario Álvarez to third
António Pérez to second
Batting: SHB Zuberi Mccray 0-0: Ball
1-0: Swinging Strike
1-1: Ball
2-1: Ground out 4-3 (Groundball, 4)
Bottom of the 1st over - 1 run, 4 hits, 0 errors, 3 left on base; Buckhead 0 - New Orleans 1
TOP OF THE 2ND
Buckhead Bowties batting - Pitching for New Orleans Voodoo : RHP Juan Montoya
Batting: RHB Gabriel Maldonado 0-0: Ball
1-0: Ball
2-0: Ball
3-0: Called Strike
3-1: Base on Balls
Batting: RHB Mesa Altuve 0-0: Ball
1-0: Swinging Strike
1-1: Ball
2-1: Foul Ball, location: 2F
2-2: Strikes out swinging
Batting: LHB Yu-zeng Si 0-0: Ball
1-0: Ball
2-0: Called Strike
2-1: Fly out, F3 (Line Drive, 3)
Lined into DP, U3 (Line Drive, 3)
Top of the 2nd over - 0 runs, 0 hits, 0 errors, 0 left on base; Buckhead 0 - New Orleans 1
BOTTOM OF THE 2ND
New Orleans Voodoo batting - Pitching for Buckhead Bowties : RHP Ron Manning
Batting: RHB Arnold Giroux 0-0: Ball
1-0: Ground out 5-3 (Groundball, 56)
Batting: RHB Orlando Velásquez 0-0: Called Strike
0-1: Ball
1-1: Ball
2-1: Foul Ball, location: 2F
2-2: Strikes out looking
Batting: RHB Rafael Arredondo 0-0: Called Strike
0-1: Ball
1-1: Ball
2-1: Ball
3-1: Fly out, F7 (Flyball, 78M)
Bottom of the 2nd over - 0 runs, 0 hits, 0 errors, 0 left on base; Buckhead 0 - New Orleans 1
TOP OF THE 3RD
Buckhead Bowties batting - Pitching for New Orleans Voodoo : RHP Juan Montoya
Batting: LHB Alfred Miles 0-0: Ball
1-0: Ball
2-0: Ball
3-0: Called Strike
3-1: DOUBLE (Line Drive, 8RD)
Batting: LHB José Valéncia 0-0: Ball
1-0: Foul Ball, location: 2F
1-1: Ball
2-1: Called Strike
2-2: Foul Ball, location: 2F
2-2: Ball
3-2: Base on Balls
Batting: RHB Derek Bangert 0-0: Called Strike
0-1: Ball
1-1: Swinging Strike
1-2: Fly out, F5 (Popup, 15S)
Batting: SHB Seishiro Nishimura 0-0: Ball
1-0: Ball
2-0: Foul Ball, location: 2F
2-1: Ball
3-1: Foul Ball, location: 2F
3-2: SINGLE (Line Drive, 5S)
Alfred Miles to third
José Valéncia to second
Alfred Miles scores
José Valéncia to third
Batting: RHB Raúl Ruíz 0-0: Called Strike
0-1: Fly out, F7 (Flyball, 7D)
Runner from 3rd tags up, SCORES, no throw
Batting: RHB Todd Sentell 0-0: Fly out, F3 (Popup, 34S)
Top of the 3rd over - 2 runs, 2 hits, 0 errors, 1 left on base; Buckhead 2 - New Orleans 1
BOTTOM OF THE 3RD
New Orleans Voodoo batting - Pitching for Buckhead Bowties : RHP Ron Manning
Batting: LHB William O'Keefe 0-0: Ball
1-0: Called Strike
1-1: Ground out 4-3 (Groundball, 4)
Batting: RHB Griffin Woodfinlevine 0-0: Foul Ball, location: 2F
0-1: Fly out, F9 (Flyball, 89M)
Batting: RHB Mario Álvarez 0-0: SINGLE (Line Drive, 6D)
Batting: RHB António Pérez 0-0: Called Strike
0-1: Foul Ball, location: 2F
0-2: Ball
1-2: Ball
2-2: Fly out, F8 (Flyball, 8RD)
Bottom of the 3rd over - 0 runs, 1 hit, 0 errors, 1 left on base; Buckhead 2 - New Orleans 1
TOP OF THE 4TH
Buckhead Bowties batting - Pitching for New Orleans Voodoo : RHP Juan Montoya
Batting: RHB Gabriel Maldonado 0-0: Called Strike
0-1: Foul Ball, location: 2F
0-2: Ball
1-2: Ball
2-2: Ball
3-2: Ground out 6-3 (Groundball, 6)
Batting: RHB Mesa Altuve 0-0: Swinging Strike
0-1: Ball
1-1: Ball
2-1: Called Strike
2-2: SINGLE (Groundball, 56S) (infield hit)
Batting: LHB Yu-zeng Si 0-0: Called Strike
0-1: Ball
1-1: Ball
2-1: Foul Ball, location: 2F
2-2: Fly out, F3 (Popup, 34S)
Batting: LHB Alfred Miles 0-0: Foul Ball, location: 2F
0-1: Ball
1-1: Ball
2-1: Called Strike
2-2: Strikes out looking
Top of the 4th over - 0 runs, 1 hit, 0 errors, 1 left on base; Buckhead 2 - New Orleans 1
BOTTOM OF THE 4TH
New Orleans Voodoo batting - Pitching for Buckhead Bowties : RHP Ron Manning
Batting: RHB Claudio Tappen 0-0: Ball
1-0: SOLO HOME RUN (Flyball, 9LD), Distance : 326 ft
Batting: SHB Zuberi Mccray 0-0: Called Strike
0-1: Ball
1-1: Called Strike
1-2: Ground out U3 (Groundball, 3)
Batting: RHB Arnold Giroux 0-0: Called Strike
0-1: Foul Ball, location: 2F
0-2: SINGLE (Groundball, 6D)
Batting: RHB Orlando Velásquez 0-0: Ball
Arnold Giroux steals 2nd base
1-0: Called Strike
1-1: Ball
2-1: DOUBLE (Flyball, 8LXD)
Arnold Giroux scores
Pinch Runner at 2nd Carlos Rodríguez:
Batting: RHB Rafael Arredondo 0-0: Ball
1-0: Ball
2-0: Ball
3-0: Called Strike
3-1: Base on Balls
Batting: LHB William O'Keefe 0-0: Foul Ball, location: 2F
0-1: Ball
1-1: Ball
2-1: Ball
3-1: Foul Ball, location: 2F
3-2: Foul Ball, location: 2F
3-2: Fielders Choice at 2nd, 3-6 (Groundball, 34)
Carlos Rodríguez to third
Batting: RHB Griffin Woodfinlevine 0-0: Reached on error, E4 (Groundball, 34)
Carlos Rodríguez scores
William O'Keefe to third
Batting: RHB Mario Álvarez 0-0: Called Strike
0-1: Foul Ball, location: 2F
0-2: Ball
1-2: Ball
2-2: Ball
3-2: Strikes out swinging
Bottom of the 4th over - 3 runs, 3 hits, 1 error, 2 left on base; Buckhead 2 - New Orleans 4
TOP OF THE 5TH
Buckhead Bowties batting - Pitching for New Orleans Voodoo : RHP Juan Montoya
Now at 3B: Carlos Rodríguez
Batting: LHB José Valéncia 0-0: Ball
1-0: Ball
2-0: Ball
3-0: Called Strike
3-1: Base on Balls
Batting: RHB Derek Bangert 0-0: Called Strike
0-1: Foul Ball, location: 2F
0-2: Ball
1-2: Ball
2-2: Foul Ball, location: 2F
2-2: Ball
3-2: Ground out 5-3 (Groundball, 56)
José Valéncia to second
Batting: SHB Seishiro Nishimura 0-0: Ball
1-0: Ball
2-0: Ball
3-0: Called Strike
3-1: Base on Balls
José Valéncia steals 3rd base
Batting: RHB Raúl Ruíz 0-0: Ball
1-0: Ball
2-0: Fielders Choice at 2nd, 4-6 (Groundball, 4)
José Valéncia scores
Now at SS: José Paz
Batting: RHB Todd Sentell 0-0: Called Strike
0-1: Called Strike
0-2: Strikes out swinging
Top of the 5th over - 1 run, 0 hits, 0 errors, 1 left on base; Buckhead 3 - New Orleans 4
BOTTOM OF THE 5TH
New Orleans Voodoo batting - Pitching for Buckhead Bowties : RHP Ron Manning
Batting: RHB António Pérez 0-0: Ball
1-0: Foul Ball, location: 2F
1-1: Foul Ball, location: 2F
1-2: Ground out 3-1 (Groundball, 34S)
Batting: RHB Claudio Tappen 0-0: Swinging Strike
0-1: Foul Ball, location: 2F
0-2: Foul Ball, location: 2F
0-2: SINGLE (Line Drive, 78M)
Batting: SHB Zuberi Mccray 0-0: Called Strike
0-1: Ball
1-1: Ball
Claudio Tappen steals 2nd base
2-1: Ground out 4-3 (Groundball, 4)
Claudio Tappen to third
Batting: RHB Arnold Giroux 0-0: Ball
1-0: Called Strike
1-1: Fly out, F9 (Flyball, 89S)
Bottom of the 5th over - 0 runs, 1 hit, 0 errors, 1 left on base; Buckhead 3 - New Orleans 4
TOP OF THE 6TH
Buckhead Bowties batting - Pitching for New Orleans Voodoo : RHP Juan Montoya
Batting: RHB Gabriel Maldonado 0-0: Called Strike
0-1: Ball
1-1: Called Strike
1-2: Ball
2-2: Strikes out swinging
Batting: RHB Mesa Altuve 0-0: Swinging Strike
0-1: Foul Ball, location: 2F
0-2: Ball
1-2: Ball
2-2: Ball
3-2: Ground out 6-3 (Groundball, 56)
Batting: LHB Yu-zeng Si 0-0: Ball
1-0: Ball
2-0: Called Strike
2-1: Foul Ball, location: 2F
2-2: Strikes out swinging
Top of the 6th over - 0 runs, 0 hits, 0 errors, 0 left on base; Buckhead 3 - New Orleans 4
BOTTOM OF THE 6TH
New Orleans Voodoo batting - Pitching for Buckhead Bowties : RHP Ron Manning
Batting: SHB Carlos Rodríguez 0-0: Ground out U3 (Groundball, 3)
Batting: RHB Rafael Arredondo 0-0: Ball
1-0: Ball
2-0: Foul Ball, location: 2F
2-1: Ground out 5-3 (Groundball, 56S)
Batting: LHB William O'Keefe 0-0: Ball
1-0: Swinging Strike
1-1: Fly out, F3 (Line Drive, 3)
Bottom of the 6th over - 0 runs, 0 hits, 0 errors, 0 left on base; Buckhead 3 - New Orleans 4
TOP OF THE 7TH
Buckhead Bowties batting - Pitching for New Orleans Voodoo : RHP Juan Montoya
Pitching: LHP Miguel Toro
Batting: LHB Alfred Miles 0-0: Called Strike
0-1: Called Strike
0-2: Ball
1-2: Ball
2-2: SINGLE (Groundball, 34D)
Batting: LHB José Valéncia 0-0: Bunted foul
0-1: Bunted foul
0-2: Fielders Choice at 2nd, 4-6 (Groundball, 4)
Batting: RHB Derek Bangert 0-0: Called Strike
0-1: Ball
1-1: Ball
2-1: SINGLE (Flyball, 9LM)
José Valéncia to second
Runner from 2nd tries for 3rd, SAFE, no throw
Batting: SHB Seishiro Nishimura 0-0: Called Strike
0-1: Fly out, F8 (Line Drive, 89S)
Runner from 3rd tags up, SCORES, no throw
Batting: RHB Raúl Ruíz 0-0: Foul Ball, location: 2F
0-1: Called Strike
0-2: Ball
1-2: SINGLE (Groundball, 6MD)
Derek Bangert to second
Runner from 2nd tries for 3rd, SAFE, no throw
Batting: RHB Todd Sentell 0-0: Foul Ball, location: 2F
0-1: Swinging Strike
0-2: Strikes out swinging
Top of the 7th over - 1 run, 3 hits, 0 errors, 2 left on base; Buckhead 4 - New Orleans 4
BOTTOM OF THE 7TH
New Orleans Voodoo batting - Pitching for Buckhead Bowties : RHP Ron Manning
Batting: RHB Griffin Woodfinlevine 0-0: Ball
1-0: Ball
2-0: Ball
3-0: Called Strike
3-1: Fly out, F9 (Line Drive, 9)
Pitching: RHP Tomás Vargas
Batting: RHB José Paz 0-0: Ball
1-0: Ball
2-0: Ball
3-0: Called Strike
3-1: Foul Ball, location: 2F
3-2: Strikes out looking
Batting: RHB António Pérez 0-0: Foul Ball, location: 2F
0-1: Called Strike
0-2: Ball
1-2: Strikes out swinging
Bottom of the 7th over - 0 runs, 0 hits, 0 errors, 0 left on base; Buckhead 4 - New Orleans 4
TOP OF THE 8TH
Buckhead Bowties batting - Pitching for New Orleans Voodoo : LHP Miguel Toro
Batting: RHB Gabriel Maldonado 0-0: Called Strike
0-1: Ball
1-1: SINGLE (Line Drive, 7S)
Pinch Hitting: RHB Jorge Díaz 0-0: Foul Ball, location: 2F
0-1: Ball
1-1: Called Strike
1-2: Foul Ball, location: 2F
1-2: Strikes out swinging
Pinch Hitting: RHB Ricardo Cardenas 0-0: Called Strike
0-1: Ball
1-1: Foul Ball, location: 2F
1-2: Ball
2-2: Foul Ball, location: 2F
2-2: Strikes out swinging
Batting: LHB Alfred Miles 0-0: Called Strike
0-1: DOUBLE (Groundball, 3L)
Gabriel Maldonado to third
Batting: LHB José Valéncia 0-0: Called Strike
0-1: Ball
1-1: Swinging Strike
1-2: Ground out 4-3 (Groundball, 34)
Top of the 8th over - 0 runs, 2 hits, 0 errors, 2 left on base; Buckhead 4 - New Orleans 4
BOTTOM OF THE 8TH
New Orleans Voodoo batting - Pitching for Buckhead Bowties : RHP Tomás Vargas
Now at 3B: Gregg Young
Now at SS: Ricardo Cardenas
Batting: RHB Claudio Tappen 0-0: Swinging Strike
0-1: Swinging Strike
0-2: Ball
1-2: Ball
2-2: Foul Ball, location: 2F
2-2: Fly out, F7 (Flyball, 7LSF)
Batting: SHB Zuberi Mccray 0-0: Called Strike
0-1: Foul Ball, location: 2F
0-2: Foul Ball, location: 2F
0-2: Fly out, F8 (Flyball, 8RD)
Batting: RHB Arnold Giroux 0-0: Swinging Strike
0-1: Fly out, F7 (Line Drive, 78D)
Bottom of the 8th over - 0 runs, 0 hits, 0 errors, 0 left on base; Buckhead 4 - New Orleans 4
TOP OF THE 9TH
Buckhead Bowties batting - Pitching for New Orleans Voodoo : LHP Miguel Toro
Batting: RHB Derek Bangert 0-0: SINGLE (Groundball, 6) (infield hit)
Batting: SHB Seishiro Nishimura 0-0: SINGLE (Groundball, 34D)
Derek Bangert to second
Runner from 2nd tries for 3rd, SAFE, no throw
Batting: RHB Raúl Ruíz 0-0: Ground out 6-3 (Groundball, 6)
Seishiro Nishimura to second
Batting: RHB Todd Sentell 0-0: Called Strike
0-1: Called Strike
0-2: Strikes out looking
Batting: RHB Gabriel Maldonado 0-0: Foul Ball, location: 2F
0-1: SINGLE (Line Drive, 7S)
Derek Bangert scores
Seishiro Nishimura to third
Batting: LHB Gregg Young 0-0: Called Strike
0-1: Swinging Strike
0-2: SINGLE (Groundball, 13S) (infield hit)
Seishiro Nishimura scores
Gabriel Maldonado to second
Pitching: RHP Juan Díaz
Batting: RHB Ricardo Cardenas 0-0: Called Strike
0-1: Ground out 1-3 (Groundball, 15S)
Top of the 9th over - 2 runs, 4 hits, 0 errors, 2 left on base; Buckhead 6 - New Orleans 4
BOTTOM OF THE 9TH
New Orleans Voodoo batting - Pitching for Buckhead Bowties : RHP Tomás Vargas
Batting: SHB Carlos Rodríguez 0-0: Swinging Strike
0-1: Ball
1-1: Called Strike
1-2: Foul Ball, location: 2F
1-2: Ground out 4-3 (Groundball, 34D)
Batting: RHB Rafael Arredondo 0-0: SINGLE (Flyball, 7S)
Batting: LHB William O'Keefe 0-0: Foul Ball, location: 2F
0-1: Foul Ball, location: 2F
0-2: Strikes out swinging
Batting: RHB Griffin Woodfinlevine 0-0: Called Strike
0-1: Fly out, F7 (Line Drive, 7D)
Bottom of the 9th over - 0 runs, 1 hit, 0 errors, 1 left on base; Buckhead 6 - New Orleans 4
Sunday, March 18th, 2018 - OOTP Baseball 18.8 Build 76